 Dungeon Sprint DCSS version 0.22-a0-429-g97ce8ef (webtiles) character file.

4179 raistware the Earth Mage (level 10, -16/73 HPs)
             Began as a Formicid Earth Elementalist on May 25, 2018.
             Was a High Priest of Vehumet.
             Demolished by a dire elephant (21 damage)
             ... in the Dungeon (Sprint IX: "|||||||||||||||||||||||||||||").
             The game lasted 00:15:27 (2144 turns).

raistware the Earth Mage (FoEE)                     Turns: 2144, Time: 00:15:28

Health: -16/73     AC:  3    Str: 13    XL:     10   Next: 53%
Magic:  1/26       EV: 17    Int: 24    God:    Vehumet [*****.]
Gold:   11         SH:  0    Dex: 11    Spells: 18/34 levels left

rFire    . . .     SeeInvis +   o - +4 quarterstaff (speed)
rCold    . . .     Gourm    .   (no shield)
rNeg     . . .     Faith    .   c - +0 robe
rPois    +         Spirit   .   (helmet unavailable)
rElec    +         Reflect  .   p - +0 cloak
rCorr    .         Harm     .   (no gloves)
MR       +....                  (no boots)
Stlth    ++........             (no amulet)
HPRegen  0.22/turn              q - +3 ring of intelligence
MPRegen  0.20/turn              r - +3 ring of intelligence

@: no status effects
A: permanent stasis, dig shafts and tunnels, four strong arms, antennae 3,
hooves 1, poison resistance, electricity resistance
a: Dig, Renounce Religion


You were in the Dungeon.
You worshipped Vehumet.
Vehumet was extremely pleased with you.
You were very hungry.

You visited 1 branch You collected 11 gold pieces.

Inventory:

Hand Weapons
 a - a +4 scimitar of flaming
 o - a +4 quarterstaff of speed (weapon)
Armour
 c - a +0 robe (worn)
 p - a +0 cloak (worn)
Jewellery
 q - a +3 ring of intelligence (left hand)
 r - a +3 ring of intelligence (right hand)
Wands
 n - a wand of iceblast (9)
Scrolls
 j - 3 scrolls of blinking
 l - 4 scrolls of remove curse
 m - 2 scrolls of amnesia
 t - a scroll of identify
 u - 4 scrolls of enchant weapon
Potions
 e - 4 potions of curing
 g - 2 potions of haste
 i - a potion of berserk rage
 k - 2 potions of heal wounds
 s - a potion of agility


   Skills:
 + Level 4.8 Fighting
 + Level 9.8 Dodging
 - Level 2.4 Stealth
 + Level 12.8 Spellcasting
 + Level 9.6 Conjurations
 - Level 1.1 Transmutations
 + Level 15.0 Earth Magic


You had 18 spell levels left.
You knew the following spells:

 Your Spells              Type           Power        Failure   Level  Hunger
a - Sandblast             Erth           ######       0%          1    None
b - Passwall              Tmut/Erth      ######..     1%          2    None
c - Stone Arrow           Conj/Erth      ######       1%          3    None
d - Lee's Rapid Deconstr  Erth           ######....   1%          5    ###....
e - Petrify               Tmut/Erth      ######..     1%          4    None
f - Flame Tongue          Conj/Fire      #####        1%          1    None

Your spell library contained the following spells:

 Spells                   Type           Power        Failure   Level  Hunger


Dungeon Overview and Level Annotations

Branches:
Dungeon (1/1)

Altars:
Cheibriados
Dithmenos
Elyvilon
Fedhas
Gozag
Hepliaklqana
Kikubaaqudgha
Makhleb
Nemelex Xobeh
Okawaru
Qazlal
Ru
Sif Muna
Trog
Uskayaw
Vehumet
Wu Jian
Xom
Yredelemnul
Zin
The Shining One
Beogh
Jiyva
Lugonu


Innate Abilities, Weirdness & Mutations

You cannot be hasted, slowed, berserked, paralysed or teleported.
You can dig through walls and to a lower floor.
Your four strong arms can wield two-handed weapons with a shield.
You have a pair of large antennae on your head. (SInv)
You have large cloven feet.
Your system is resistant to poisons. (rPois)
You are resistant to electric shocks. (rElec)


Message History

The dire elephant resists with almost no effort.
Casting: Petrify (safe; 1% risk of failure)
Confirm with . or Enter, or press ? or * to list all spells.
You don't have enough magic to cast that spell.
Unknown command.
You hit the dire elephant but do no damage.
You kick the dire elephant, but do no damage.
The dire elephant is heavily wounded.
The dire elephant tramples you!
* * * LOW HITPOINT WARNING * * *
You stumble backwards!
You thump the dire elephant!
The dire elephant is heavily wounded.
The dire elephant tramples you!
* * * LOW HITPOINT WARNING * * *
You stumble backwards!
You hit the dire elephant. You kick the dire elephant.
The dire elephant is severely wounded.
The dire elephant tramples you!!
You die...

▓.▓.▓)▓
▓.▓.▓.▓
▓.▓.▓.▓
▓.▓.▓.▓
▓.▓.▓.▓
▓.▓.▓{▓
▓Y▓.▓'▓
▓Y▓.▓.▓
▓@▓.▓.▓
▓'▓.▓Y▓
▓)▓.▓.▓
▓.▓.▓.▓
▓)▓.▓.▓
▓<▓Y..▓
▓▓▓▓▓▓▓


You could see a dire elephant and an elephant.

Vanquished Creatures
  An unseen horror (D)
  2 elephants (D)
  2 spiny frogs (D)
  A komodo dragon (D)
  An efreet (D)
  A polar bear (D)
  A yak (D)
  A hungry ghost (D)
  3 water moccasins (D)
  3 porcupines (D)
  An ice beast (D)
  A sky beast (D)
  3 crocodiles (D)
  4 bullfrogs (D)
  A crimson imp (D)
  A quasit (D)
  A worker ant (D)
  2 shadow imps (D)
  An adder zombie (D)
  A dart slug (D)
  2 orcs (D)
  A goblin (D)
  2 hobgoblins (D)
  A kobold (D)
  A ball python skeleton (D)
39 creatures vanquished.

Vanquished Creatures (others)
  A centaur warrior (D)
  A bat zombie (D)
2 creatures vanquished.

Grand Total: 41 creatures vanquished

Notes
Turn   | Place    | Note
-------+----------+-------------------------------------------
     0 | D        | raistware the Formicid Earth Elementalist began the quest for the Orb.
     0 | D        | Reached XP level 1. HP: 13/13 MP: 3/3
     5 | D        | Reached skill level 4 in Earth Magic
    17 | D        | Reached XP level 2. HP: 12/19 MP: 0/6
    26 | D        | Reached skill level 5 in Earth Magic
    47 | D        | Learned a level 2 spell: Passwall
   123 | D        | Noticed a crimson imp
   123 | D        | Noticed an ice beast
   129 | D        | Killed an ice beast
   129 | D        | Reached skill level 8 in Earth Magic
   129 | D        | Reached XP level 3. HP: 1/24 MP: 0/11
   129 | D        | Reached XP level 4. HP: 2/30 MP: 0/12
   129 | D        | Reached XP level 5. HP: 2/35 MP: 0/14
   138 | D        | Reached skill level 9 in Earth Magic
   174 | D        | Found a roughly hewn altar of Beogh.
   174 | D        | Found a snail-covered altar of Cheibriados.
   174 | D        | Found a shadowy altar of Dithmenos.
   174 | D        | Found a white marble altar of Elyvilon.
   174 | D        | Found a blossoming altar of Fedhas.
   174 | D        | Found an opulent altar of Gozag.
   175 | D        | Found a hazy altar of Hepliaklqana.
   176 | D        | Found a viscous altar of Jiyva.
   177 | D        | Found an ancient bone altar of Kikubaaqudgha.
   178 | D        | Found a corrupted altar of Lugonu.
   179 | D        | Found a burning altar of Makhleb.
   180 | D        | Found a sparkling altar of Nemelex Xobeh.
   181 | D        | Found an iron altar of Okawaru.
   182 | D        | Found a stormy altar of Qazlal.
   183 | D        | Found a sacrificial altar of Ru.
   184 | D        | Found a deep blue altar of Sif Muna.
   185 | D        | Found a bloodstained altar of Trog.
   186 | D        | Found a hide-covered altar of Uskayaw.
   187 | D        | Found a radiant altar of Vehumet.
   188 | D        | Found an ornate altar of the Wu Jian Council.
   189 | D        | Found a shimmering altar of Xom.
   190 | D        | Found a basalt altar of Yredelemnul.
   191 | D        | Found a glowing silver altar of Zin.
   192 | D        | Found a glowing golden altar of the Shining One.
   197 | D        | Became a worshipper of Vehumet
   233 | D        | Learned a level 3 spell: Stone Arrow
   239 | D        | Learned a level 5 spell: Lee's Rapid Deconstruction
   244 | D        | Learned a level 4 spell: Petrify
   244 | D        | Noticed a sky beast
   251 | D        | Killed a sky beast
   251 | D        | Reached * piety under Vehumet
   251 | D        | Offered knowledge of Freeze by Vehumet.
   251 | D        | Reached skill level 10 in Earth Magic
   251 | D        | Reached XP level 6. HP: 20/41 MP: 5/17
   260 | D        | Reached ** piety under Vehumet
   405 | D        | Noticed a hungry ghost
   405 | D        | Noticed a centaur warrior
   405 | D        | Noticed an efreet
   405 | D        | Noticed an unseen horror
   409 | D        | Killed an unseen horror
   409 | D        | Offered knowledge of Flame Tongue by Vehumet.
   409 | D        | Reached skill level 10 in Spellcasting
   409 | D        | Reached skill level 5 in Conjurations
   409 | D        | Reached skill level 12 in Earth Magic
   409 | D        | Reached XP level 7. HP: 16/46 MP: 15/20
   409 | D        | Reached XP level 8. HP: 18/52 MP: 16/22
   410 | D        | HP: 1/52 [crocodile (17)]
   418 | D        | Killed a centaur warrior
   536 | D        | Killed an efreet
   545 | D        | Reached *** piety under Vehumet
   743 | D        | Gained mutation: You are somewhat resistant to further mutation. [potion of mutation]
   743 | D        | Gained mutation: Your mind is acute. (Int +2) [potion of mutation]
   744 | D        | Lost mutation: You are somewhat resistant to further mutation. [potion of mutation]
   744 | D        | Lost mutation: Your mind is acute. (Int +2) [potion of mutation]
   744 | D        | Gained mutation: You are frail. (-10% HP) [potion of mutation]
   744 | D        | Gained mutation: You have large cloven feet. [potion of mutation]
   744 | D        | Gained mutation: You evolve. [potion of mutation]
   745 | D        | Lost mutation: You are frail. (-10% HP) [potion of mutation]
   745 | D        | Gained mutation: Your system is resistant to poisons. (rPois) [potion of mutation]
   745 | D        | Gained mutation: You are resistant to electric shocks. (rElec) [potion of mutation]
   748 | D        | Learned a level 1 spell: Flame Tongue
   748 | D        | Noticed a komodo dragon
   748 | D        | Noticed a spiny frog
   749 | D        | Noticed a spiny frog
   751 | D        | Offered knowledge of Searing Ray by Vehumet.
   756 | D        | Reached skill level 13 in Earth Magic
   756 | D        | Reached XP level 9. HP: 49/57 MP: 21/24
   761 | D        | Killed a spiny frog
   761 | D        | Reached **** piety under Vehumet
  1038 | D        | Killed a komodo dragon
  1038 | D        | Offered knowledge of Airstrike by Vehumet.
  1115 | D        | Lost mutation: You evolve. [end of evolution]
  1281 | D        | Killed a spiny frog
  1281 | D        | Offered knowledge of Yara's Violent Unravelling by Vehumet.
  1281 | D        | Reached ***** piety under Vehumet
  1281 | D        | Reached skill level 14 in Earth Magic
  1392 | D        | Noticed an elephant
  1401 | D        | Reached skill level 1 in Fighting
  1403 | D        | Reached XP level 10. HP: 67/67 MP: 11/26
  1612 | D        | Offered knowledge of Bolt of Draining by Vehumet.
  1626 | D        | Killed an elephant
  1875 | D        | Noticed a dire elephant
  1875 | D        | Noticed an elephant
  1875 | D        | Noticed an elephant
  1875 | D        | Noticed an elephant
  1875 | D        | Noticed an elephant
  1875 | D        | Noticed an elephant
  1893 | D        | Killed an elephant
  1893 | D        | Reached skill level 15 in Earth Magic
  2122 | D        | HP: 3/73 [dire elephant (18)]
  2144 | D        | Demolished by a dire elephant

Vault maps used:
D:        linesprint

Skill      XL: |  1  2  3  4  5  6  7  8  9 10 |
---------------+-------------------------------+-----
Earth Magic    | 4 8 10 12 13 14 15 | 15.0
Spellcasting   | 3 6 8 10 11 12 | 12.8
Dodging        | 3 6 7 9 |  9.8
Conjurations   | 2 5 7 8 9 |  9.6
Fighting       | 1 4 |  4.8
Stealth        | |  2.4
Transmutations | |  1.1

Action                   |  1- 3 |  4- 6 |  7- 9 | 10-12 || total
-------------------------+-------+-------+-------+-------++-------
Melee: Unarmed           |    10 |       |       |       ||    10
       Quarterstaff      |       |       |     6 |     4 ||    10
       Kick              |       |       |     1 |     2 ||     3
 Cast: Sandblast         |    10 |    19 |     2 |       ||    31
       Stone Arrow       |       |     4 |    19 |    11 ||    34
       Flame Tongue      |       |       |     5 |       ||     5
       Lee's Rapid Decon |       |       |     9 |    21 ||    30
       Petrify           |       |       |     6 |    21 ||    27
Evoke: Wand              |       |       |       |     1 ||     1
  Use: Potion            |       |     4 |     6 |     3 ||    13
 Stab: Petrifying        |       |       |       |     1 ||     1
  Eat: Ration            |       |       |     1 |       ||     1
       Chunk             |       |       |       |     2 ||     2
Armor: Robe              |     2 |     9 |       |     1 ||    12
Dodge: Dodged            |     7 |    21 |    12 |    17 ||    57

Table legend:
 A = Spawn XP
 B = Non-spawn XP
 C = Spawn XP percentage of total XP
 D = Spawn monster count
 E = Non-spawn monster count
 F = Spawn count percentage of total count
 G = Total turns spent on level
                    A         B        C        D         E        F      G
               +---------+---------+-------+---------+---------+-------+---------
         Total |       0 |    5971 |   0.0 |       0 |      39 |   0.0 |  2144
               +---------+---------+-------+---------+---------+-------+---------
             D |       0 |    5971 |   0.0 |       0 |      39 |   0.0 |  2144
               +---------+---------+-------+---------+---------+-------+---------
